[Event "Titled Tuesday Blitz May 16 Early 2023"]
[White "Chakravarthi Reddy, M"]
[Black "Chernomordik, Pavel"]
[WhiteFideId "25009532"]
[BlackFideId "2804530"]
[WhiteElo "2201"]
[BlackElo "2193"]
[Result "0-1"]
[Round "02"]
[TimeControl "180+2"]
[Date "2023.05.16"]
[WhiteClock "0:00:12"]
[BlackClock "0:01:21"]

1. e4 g6 2. d4 Bg7 3. Nc3 d6 4. f4 a6 5. a4 b6 6. Nf3 e6 7. Bd3 Ne7 8. O-O c5 9. d5 exd5 10. Nxd5 Nxd5 11. exd5 O-O 12. f5 c4 13. fxg6 cxd3 14. gxh7+ Kh8 15. Qxd3 Nd7 16. Ng5 Ne5 17. Qe2 Qe7 18. Bf4 f6 19. Ne4 Bf5 20. Ng3 Bxh7 21. Rae1 Qf7 22. Ne4 Qxd5 23. Nc3 Qc4 24. Qh5 Rae8 25. Re3 Qf7 26. Qh4 Ng6 27. Qg3 Nxf4 28. Qxf4 Rxe3 29. Qxe3 f5 30. Ne2 Re8 31. Qf2 Qc4 32. Ng3 Bd4 0-1


[Site "https://www.chess.com"]

[Event "Titled Tuesday Blitz May 16 Early 2023"]
[White "Bilan, Danila"]
[Black "agvania123"]
[WhiteFideId "24161918"]
[WhiteElo "2182"]
[BlackElo "2230"]
[Result "1-0"]
[Round "02"]
[TimeControl "180+2"]
[Date "2023.05.16"]
[WhiteClock "0:00:13"]
[BlackClock "0:00:49"]

1. d4 d5 2. Nf3 e6 3. g3 Nf6 4. Bg2 b6 5. O-O Bb7 6. c4 Nbd7 7. Ne5 Be7 8. Qa4 O-O 9. Nc6 Qe8 10. Nxe7+ Qxe7 11. Nc3 c5 12. cxd5 Nxd5 13. e4 Nxc3 14. bxc3 Nf6 15. Re1 Rfd8 16. Ba3 Qc7 17. Rab1 Bc6 18. Qc4 cxd4 19. cxd4 Rac8 20. Rbc1 Qb7 21. Qd3 Qd7 22. Bb2 e5 23. d5 Bb5 24. Qe3 Qd6 25. h3 Nd7 26. Rxc8 Rxc8 27. Rc1 Rc7 28. Rxc7 Qxc7 29. Kh2 f6 30. Qa3 Nc5 31. h4 Bd7 32. Bf3 a5 33. Qc3 b5 34. Qc2 b4 35. Kg2 a4 36. Bc1 b3 37. axb3 axb3 38. Qc3 Qb6 39. Be3 b2 40. Bxc5 b1=Q 41. Bxb6 Qxb6 42. Qd3 Qb5 43. Qxb5 Bxb5 44. Bg4 Kf8 45. Kf3 Ke7 46. Ke3 Kd6 47. Bf5 g6 48. Be6 Bd7 49. Bxd7 Kxd7 50. Kd3 Kd6 51. Kc4 f5 52. f3 h6 53. Kb5 g5 54. hxg5 hxg5 55. Kc4 g4 56. fxg4 fxe4 57. g5 e3 58. Kd3 Kxd5 59. Kxe3 e4 60. g6 Ke6 61. g7 Kf7 62. Kxe4 Kxg7 63. Kf5 Kf7 64. Kg5 Kg7 65. g4 Kf7 66. Kh6 Kg8 67. Kg6 Kh8 68. Kf7 Kh7 69. g5 Kh8 70. Kf6 Kg8 71. Kg6 Kh8 72. Kf7 Kh7 73. g6+ Kh6 74. g7 Kh5 75. g8=Q Kh4 76. Kf6 Kh3 77. Kf5 Kh2 78. Kf4 Kh1 79. Kf3 Kh2 80. Qg2# 1-0


[Site "https://www.chess.com"]

[Event "Titled Tuesday Blitz May 16 Early 2023"]
[White "mestrefeitosa19"]
[Black "Yelisieiev, Yevhenii"]
[BlackFideId "14139642"]
[WhiteElo "2230"]
[BlackElo "2403"]
[Result "0-1"]
[Round "02"]
[TimeControl "180+2"]
[Date "2023.05.16"]
[WhiteClock "0:00:19"]
[BlackClock "0:00:12"]

1. c4 d6 2. d4 e5 3. dxe5 dxe5 4. Qxd8+ Kxd8 5. Nf3 f6 6. Nc3 Be6 7. e3 Nd7 8. Be2 c6 9. O-O Kc7 10. a3 a5 11. Rb1 a4 12. Nd2 Nc5 13. Nce4 Nh6 14. Nxc5 Bxc5 15. Ne4 Be7 16. Bd2 Rhd8 17. Rfd1 Nf7 18. Bc3 Bf5 19. Bf3 Nd6 20. Nc5 Bxb1 21. Ne6+ Kc8 22. Nxd8 Bc2 23. Rd2 Bf5 24. Nxc6 bxc6 25. Bxc6 Ra6 26. Bd5 Ne4 27. Rc2 Nxc3 28. Rxc3 Be6 29. e4 Bxd5 30. cxd5+ Kd7 31. Rc4 Bd6 32. f3 Rb6 33. Rxa4 Bc5+ 34. Kh1 Rxb2 35. h3 Ra2 36. Ra6 Rxa3 37. Rc6 Be3 38. Kh2 Bf4+ 39. g3 Ra2+ 40. Kg1 Bxg3 41. Rb6 Bf2+ 42. Kf1 Bxb6 0-1


[Site "https://www.chess.com"]

[Event "Titled Tuesday Blitz May 16 Early 2023"]
[White "Dobre, Claudiu-Cristian"]
[Black "Jakic, Ivan"]
[WhiteFideId "1211854"]
[BlackFideId "14504901"]
[WhiteElo "2207"]
[BlackElo "2370"]
[Result "0-1"]
[Round "02"]
[TimeControl "180+2"]
[Date "2023.05.16"]
[WhiteClock "0:00:00"]
[BlackClock "0:02:14"]

1. e4 c5 2. b3 d5 3. exd5 Qxd5 4. Nc3 Qe5+ 5. Qe2 Qxe2+ 6. Bxe2 Nc6 7. Bb2 Bf5 8. O-O-O O-O-O 9. Bf3 Nd4 10. Be4 Be6 11. Nge2 Nf6 12. Bd3 Ng4 13. Rdf1 Ne5 14. Nf4 Nxd3+ 15. Nxd3 b6 16. Re1 g6 17. Nb5 Bg7 18. Nxd4 Bxd4 19. Bxd4 Rxd4 20. Re3 Rhd8 21. g3 R8d7 22. Nf4 Rxd2 23. Nd3 R7xd3 24. Rxd3 Rxf2 25. Rd2 Rf3 26. Re1 h5 27. a4 Kc7 28. Ree2 Rf1+ 29. Kb2 Rf5 30. Rf2 Rg5 31. Rf4 a6 32. c3 Re5 33. b4 cxb4 0-1


[Site "https://www.chess.com"]

[Event "Titled Tuesday Blitz May 16 Early 2023"]
[White "SereneSalmon"]
[Black "hsd2016"]
[WhiteElo "2496"]
[BlackElo "2191"]
[Result "1-0"]
[Round "02"]
[TimeControl "180+2"]
[Date "2023.05.16"]
[WhiteClock "0:00:07"]
[BlackClock "0:00:06"]

1. d4 d5 2. c4 c6 3. Nf3 Nf6 4. e3 Bf5 5. Nc3 e6 6. Nh4 Bg6 7. Bd2 Nbd7 8. Qb3 Qb6 9. Nxg6 hxg6 10. h3 Be7 11. Bd3 O-O 12. Qc2 e5 13. dxe5 Nxe5 14. cxd5 cxd5 15. Be2 Rac8 16. O-O Ne4 17. Rfd1 Bf6 18. Qb3 Qxb3 19. axb3 Nxd2 20. Rxd2 a6 21. Nxd5 Rfd8 22. Rad1 Kf8 23. f4 Nc6 24. Nxf6 gxf6 25. Bf3 Rxd2 26. Rxd2 Ke7 27. Kf2 Na5 28. Bd5 Rd8 29. Ke2 Rd6 30. e4 Rb6 31. Rc2 Nc6 32. Rc3 Nd4+ 33. Ke3 Nb5 34. Rc8 Nd6 35. Rc7+ Kd8 36. Rc1 Rb4 37. g3 Kd7 38. g4 Ke7 39. e5 fxe5 40. fxe5 Nb5 41. Rc8 a5 42. Rb8 Nc7 43. Rxb7 Rxb7 44. Bxb7 Ke6 45. Kd4 Nb5+ 46. Kc5 Nc7 47. Kb6 Ne8 48. Bc6 Kxe5 49. Bxe8 f5 50. Kxa5 f4 51. Bxg6 f3 52. Bd3 Kd4 53. Bf1 Ke3 54. g5 Kf2 55. Bc4 Kg3 56. g6 Kxh3 57. g7 1-0


[Site "https://www.chess.com"]

[Event "Titled Tuesday Blitz May 16 Early 2023"]
[White "Ruge, Edison"]
[Black "Bethke, Richard"]
[WhiteFideId "4401000"]
[BlackFideId "12959243"]
[WhiteElo "2175"]
[BlackElo "2369"]
[Result "0-1"]
[Round "02"]
[TimeControl "180+2"]
[Date "2023.05.16"]
[WhiteClock "0:00:08"]
[BlackClock "0:01:42"]

1. e4 e5 2. Nf3 Nc6 3. Bb5 a6 4. Ba4 b5 5. Bb3 Bc5 6. Qe2 Nf6 7. a4 Rb8 8. axb5 axb5 9. Nc3 O-O 10. Nxb5 Nxe4 11. Qxe4 Rxb5 12. O-O Rb4 13. Qd5 Bd6 14. d3 Bb7 15. c3 Nd4 16. cxb4 Bxd5 17. Bxd5 Nxf3+ 18. Bxf3 Bxb4 19. Be3 c6 20. d4 exd4 21. Bxd4 d5 22. Rfc1 Qd6 23. Ra6 Rc8 24. Bg4 Qf4 25. Be3 Qxg4 26. Raxc6 Rxc6 0-1


[Site "https://www.chess.com"]

[Event "Titled Tuesday Blitz May 16 Early 2023"]
[White "Pham, Le Thao Nguyen"]
[Black "Thiel, Thomas"]
[WhiteFideId "12401226"]
[BlackFideId "4615964"]
[WhiteElo "2286"]
[BlackElo "2182"]
[Result "1/2-1/2"]
[Round "02"]
[TimeControl "180+2"]
[Date "2023.05.16"]
[WhiteClock "0:00:14"]
[BlackClock "0:01:34"]

1. e4 d5 2. exd5 Nf6 3. Bb5+ Nbd7 4. c4 a6 5. Bxd7+ Qxd7 6. Nc3 e6 7. dxe6 Qxe6+ 8. Qe2 Bc5 9. Nf3 O-O 10. Qxe6 Bxe6 11. d4 Bb4 12. d5 Bg4 13. Be3 b5 14. cxb5 Nxd5 15. O-O Bxc3 16. bxc3 Bxf3 17. gxf3 Nxc3 18. bxa6 Rxa6 19. a3 Rfa8 20. Bc5 Nb5 21. Rfb1 c6 22. Rb3 f6 23. Rc1 Nxa3 24. Kg2 Ra4 25. Bxa3 Rxa3 26. Rxa3 Rxa3 27. Rxc6 1/2-1/2


[Site "https://www.chess.com"]

[Event "Titled Tuesday Blitz May 16 Early 2023"]
[White "Khamdamova, Afruza"]
[Black "Floresvillar Gonzalez, Luis Migu"]
[WhiteFideId "14210444"]
[BlackFideId "5100542"]
[WhiteElo "2312"]
[BlackElo "2040"]
[Result "1-0"]
[Round "02"]
[TimeControl "180+2"]
[Date "2023.05.16"]
[WhiteClock "0:00:03"]
[BlackClock "0:00:00"]

1. e4 d6 2. d4 Nf6 3. Nc3 g6 4. Be3 Bg7 5. f3 Nc6 6. Qd2 e5 7. Nge2 exd4 8. Nxd4 Nxd4 9. Bxd4 Be6 10. O-O-O Qe7 11. Bb5+ Bd7 12. Bxd7+ Qxd7 13. Nd5 Qd8 14. g4 O-O 15. h4 Nxd5 16. exd5 Bxd4 17. Qxd4 h6 18. f4 Re8 19. f5 Qe7 20. Kb1 Qe4 21. Qc3 Qxg4 22. fxg6 fxg6 23. Rhg1 Qh5 24. Qf6 Kh7 25. Rdf1 Rg8 26. Re1 Rg7 27. Qe6 Rag8 28. Re4 a5 29. a3 b5 30. Reg4 Qf5 31. Qe3 Qxd5 32. Qc3 b4 33. axb4 axb4 34. Qxb4 c5 35. Qc3 Qe5 36. Qd3 d5 37. Rd1 d4 38. Re4 Qf5 39. Rde1 h5 40. Qc4 Rb8 41. Re5 Qf7 42. Qxc5 Qb7 43. Qxd4 Rd7 44. Qxd7+ Qxd7 45. Re7+ Qxe7 46. Rxe7+ Kh6 47. c4 Rb4 48. Re4 g5 49. hxg5+ Kxg5 50. Kc2 h4 51. Kc3 Rb8 52. Re7 Rh8 53. Rg7+ Kf6 54. Rg1 h3 55. c5 Ke5 56. Kc4 Rh4+ 57. Kb5 h2 58. Rh1 Kd5 59. b4 Ke6 60. c6 Kd6 61. Rd1+ 1-0


[Site "https://www.chess.com"]

[Event "Titled Tuesday Blitz May 16 Early 2023"]
[White "Andreassen, Lars"]
[Black "Ladan, Nicholas"]
[WhiteFideId "1504878"]
[BlackFideId "30918855"]
[WhiteElo "2119"]
[BlackElo "2167"]
[Result "0-1"]
[Round "02"]
[TimeControl "180+2"]
[Date "2023.05.16"]
[WhiteClock "0:01:33"]
[BlackClock "0:01:35"]

1. d4 d5 2. Nf3 Nf6 3. c4 e6 4. Nc3 Bb4 5. Bg5 h6 6. Bh4 g5 7. Bg3 Ne4 8. Rc1 h5 9. h4 Nxg3 10. fxg3 Bd6 11. Kf2 g4 12. Ne5 Qf6+ 13. Kg1 Bxe5 14. dxe5 Qxe5 15. cxd5 Qxg3 16. Qd3 Qxd3 17. exd3 Bd7 18. dxe6 fxe6 19. Ne4 Nc6 20. g3 O-O-O 21. Rh2 Nd4 22. Rf2 Bc6 23. Bg2 Rhf8 24. Rcf1 Rxf2 25. Rxf2 Nf5 26. Kh2 Rxd3 27. Nc5 Rxg3 28. Nxe6 Rxg2+ 29. Rxg2 Bxg2 30. Kxg2 Nxh4+ 31. Kg3 Nf5+ 32. Kf4 Nd6 33. Kg5 g3 34. Nf4 Ne4+ 35. Kxh5 Nf2 36. Kh4 Nd3 37. Nxd3 g2 0-1


[Site "https://www.chess.com"]

[Event "Titled Tuesday Blitz May 16 Early 2023"]
[White "Martins, Vinicius Tine"]
[Black "Smietanska, Wiktoria"]
[WhiteFideId "2112884"]
[BlackFideId "21869359"]
[WhiteElo "2373"]
[BlackElo "1995"]
[Result "1-0"]
[Round "02"]
[TimeControl "180+2"]
[Date "2023.05.16"]
[WhiteClock "0:01:00"]
[BlackClock "0:00:00"]

1. e4 c5 2. Nf3 d6 3. Bb5+ Nd7 4. c3 Nf6 5. Qe2 a6 6. Ba4 b5 7. Bc2 Bb7 8. O-O e6 9. d4 cxd4 10. cxd4 Be7 11. a3 O-O 12. Nc3 e5 13. Rd1 Qc7 14. Bg5 h6 15. Bh4 Rac8 16. Rac1 Qb6 17. dxe5 Nxe5 18. Nd4 Nc4 19. Bb3 Rfe8 20. Nf5 Bf8 21. Nxh6+ Kh7 22. Bxf6 gxh6 23. Bc2 Ne5 24. Kh1 d5 25. exd5+ Ng6 26. Qf3 Bd6 27. Bd4 Qc7 28. Ne4 Be5 29. Nf6+ Bxf6 30. Qxf6 Rg8 31. Bxg6+ 1-0


[Site "https://www.chess.com"]

[Event "Titled Tuesday Blitz May 16 Early 2023"]
[White "Tarnowska, Aleksandra"]
[Black "Onufrienko, Vladislav"]
[WhiteFideId "1180967"]
[BlackFideId "13804332"]
[WhiteElo "1776"]
[BlackElo "1814"]
[Result "0-1"]
[Round "02"]
[TimeControl "180+2"]
[Date "2023.05.16"]
[WhiteClock "0:00:00"]
[BlackClock "0:00:10"]

1. e4 Nf6 2. e5 Nd5 3. Bc4 Nb6 4. Bb3 d5 5. exd6 exd6 6. Ne2 Be7 7. O-O O-O 8. d4 d5 9. c3 Bf5 10. Bc2 Bxc2 11. Qxc2 c5 12. Nd2 Nc6 13. Nf3 Rc8 14. Bf4 cxd4 15. Nexd4 Bf6 16. Nxc6 bxc6 17. Rad1 Re8 18. h3 Re4 19. Bg3 Qe7 20. Rfe1 Re8 21. Rxe4 Qxe4 22. Qxe4 Rxe4 23. Re1 Nc4 24. b3 Nd2 25. Rxe4 Nxe4 26. c4 dxc4 27. bxc4 h5 28. Kf1 g5 29. Be5 Be7 30. Bd4 g4 31. hxg4 hxg4 32. Ne5 c5 33. Be3 f6 34. Nxg4 Kf7 35. Nh6+ Ke6 36. f3 Nc3 37. a3 Nb1 38. a4 Nc3 39. a5 a6 40. Ng8 Bf8 41. Bh6 Bxh6 42. Nxh6 Nd1 43. Ke2 Nb2 44. Ng4 Nxc4 45. Kd3 Nxa5 46. Ne3 f5 47. Nc4 Nxc4 48. Kxc4 Kd6 49. g4 fxg4 50. fxg4 a5 51. g5 a4 52. g6 Ke6 53. g7 Kf7 54. Kxc5 a3 0-1


[Site "https://www.chess.com"]

[Event "Titled Tuesday Blitz May 16 Early 2023"]
[White "Lorenzo De La Riva, Lazaro"]
[Black "MANOJ_MISHRA123"]
[WhiteFideId "2268809"]
[WhiteElo "2294"]
[BlackElo "2162"]
[Result "1-0"]
[Round "02"]
[TimeControl "180+2"]
[Date "2023.05.16"]
[WhiteClock "0:00:06"]
[BlackClock "0:00:03"]

1. e4 Nf6 2. e5 Nd5 3. Nc3 Nxc3 4. dxc3 d6 5. Nf3 Bg4 6. Bc4 e6 7. Bf4 d5 8. Bd3 c5 9. b3 Nc6 10. h3 Bh5 11. g4 Bg6 12. Qe2 a6 13. a4 Be7 14. O-O O-O 15. Bxg6 hxg6 16. Bg3 Qa5 17. Qd3 Rac8 18. h4 c4 19. Qd2 Rfd8 20. b4 Qb6 21. a5 Qa7 22. h5 d4 23. hxg6 fxg6 24. Kg2 dxc3 25. Qxc3 Nxb4 26. Rh1 Nd5 27. Qe1 Rf8 28. Qe4 Kf7 29. Rad1 Qc5 30. Nd4 Rh8 31. Nxe6 Kxe6 32. Qxg6+ Kd7 33. Qf5+ Kc6 34. Qe6+ Kc7 35. Rxh8 Rxh8 36. Rxd5 Qb4 37. Qd7+ Kb8 38. e6+ Ka8 39. Qc7 Re8 40. Rd7 Bc5 41. Rd8+ Rxd8 42. Qxd8+ Ka7 43. Qb8# 1-0


[Site "https://www.chess.com"]

[Event "Titled Tuesday Blitz May 16 Early 2023"]
[White "Kiseljova, Marya"]
[Black "Mrudul Dehankar"]
[WhiteFideId "4155009"]
[BlackFideId "25096990"]
[WhiteElo "1831"]
[BlackElo "2139"]
[Result "1-0"]
[Round "02"]
[TimeControl "180+2"]
[Date "2023.05.16"]
[WhiteClock "0:00:24"]
[BlackClock "0:00:00"]

1. d4 Nf6 2. c4 e6 3. Bf4 Bb4+ 4. Nd2 c5 5. e3 Nc6 6. Nf3 Ne4 7. a3 Bxd2+ 8. Nxd2 Nxd2 9. Qxd2 cxd4 10. exd4 d6 11. Be2 e5 12. dxe5 dxe5 13. Qxd8+ Kxd8 14. O-O-O+ Ke7 15. Be3 Be6 16. Bc5+ Kf6 17. b3 Rac8 18. Be3 b5 19. c5 Bxb3 20. Rd6+ Be6 21. h4 Ke7 22. Bxb5 Nd4 23. Bxd4 exd4 24. Rc6 Rxc6 25. Bxc6 Rc8 26. Be4 Rxc5+ 27. Kd2 Rc3 28. Ra1 g6 29. g3 h5 30. a4 a5 31. Bc2 Kf6 32. Rb1 Rc5 33. Bd3 Ke5 34. Re1+ Kd6 35. Rb1 Kc6 36. Bb5+ Kd6 37. Kd3 Bd5 38. Kxd4 Rc2 39. Bd3 Rxf2 40. Rb6+ Kc7 41. Rb5 Bc6 42. Rxa5 Rf3 43. Ra7+ Kb6 44. Ra6+ Kb7 45. Rxc6 Rxd3+ 46. Kxd3 Kxc6 47. Kd4 Kb6 48. Ke5 f5 49. Kf6 Ka5 50. Kxg6 Kxa4 51. Kxh5 Kb5 52. Kg6 1-0


[Site "https://www.chess.com"]

[Event "Titled Tuesday Blitz May 16 Early 2023"]
[White "Balla, Tamas-Kristof"]
[Black "Winkels, Marcel"]
[WhiteFideId "1208497"]
[BlackFideId "1003887"]
[WhiteElo "2334"]
[BlackElo "1900"]
[Result "1-0"]
[Round "02"]
[TimeControl "180+2"]
[Date "2023.05.16"]
[WhiteClock "0:01:51"]
[BlackClock "0:00:56"]

1. f4 c5 2. b3 Nc6 3. Bb2 Nf6 4. Nf3 g6 5. e3 Bg7 6. Bb5 O-O 7. Bxc6 bxc6 8. O-O d6 9. Qe2 Bg4 10. d3 a5 11. a4 Nd5 12. Bxg7 Kxg7 13. Nbd2 Nb4 14. Nc4 Bxf3 15. Rxf3 d5 16. Ne5 f6 17. Ng4 h5 18. Nf2 e5 19. c3 Na6 20. Rg3 Kh6 21. f5 g5 22. Qxh5+ 1-0


[Site "https://www.chess.com"]

[Event "Titled Tuesday Blitz May 16 Early 2023"]
[White "Ciuffoletti, Paolo"]
[Black "Hamley, Ryan"]
[WhiteFideId "807630"]
[BlackFideId "30959497"]
[WhiteElo "2143"]
[BlackElo "2478"]
[Result "0-1"]
[Round "02"]
[TimeControl "180+2"]
[Date "2023.05.16"]
[WhiteClock "0:00:17"]
[BlackClock "0:01:58"]

1. e4 g6 2. d4 Bg7 3. Nc3 c6 4. f4 d5 5. e5 h5 6. Nf3 Bg4 7. Bd3 e6 8. Be3 Ne7 9. h3 Bxf3 10. Qxf3 h4 11. Ne2 a6 12. c3 Nd7 13. g4 hxg3 14. Nxg3 Nf5 15. Nxf5 gxf5 16. O-O-O Qc7 17. Rdg1 Bh6 18. Rg2 O-O-O 19. Kb1 c5 20. Rc1 c4 21. Bf1 Nf8 22. b3 b5 23. Rb2 Ng6 24. bxc4 bxc4 25. Bxc4 Qxc4 26. Rb4 Qd3+ 27. Ka1 Bxf4 28. c4 Qxe3 29. cxd5+ Qxc1+ 0-1


[Site "https://www.chess.com"]

[Event "Titled Tuesday Blitz May 16 Early 2023"]
[White "Jaivardhan Raj"]
[Black "Jimenez Almeida, Luis David"]
[WhiteFideId "25744437"]
[BlackFideId "22242244"]
[WhiteElo "1772"]
[BlackElo "2245"]
[Result "1-0"]
[Round "02"]
[TimeControl "180+2"]
[Date "2023.05.16"]
[WhiteClock "0:00:22"]
[BlackClock "0:00:02"]

1. e4 c6 2. d4 Na6 3. Nd2 Nc7 4. Ngf3 g6 5. Bd3 Bg7 6. O-O d6 7. c3 Nf6 8. Re1 O-O 9. e5 dxe5 10. Nxe5 a5 11. Bc4 Be6 12. Bxe6 Nxe6 13. Qf3 a4 14. Qe2 Qd5 15. Ndf3 b5 16. Nd3 Rfd8 17. Nfe5 Qd6 18. Nf4 Nd5 19. Nfd3 a3 20. Qf3 Rf8 21. Qh3 axb2 22. Bxb2 Ndf4 23. Nxf4 Nxf4 24. Qf3 Nd5 25. c4 bxc4 26. Nxc4 Qb4 27. Rec1 Rfb8 28. Ba3 Rxa3 29. Nxa3 Bxd4 30. Rab1 Qd6 31. Rxb8+ Qxb8 32. Rxc6 Qb2 33. h3 Be5 34. g3 Qxa2 35. Nc4 Qa1+ 36. Kg2 Nf6 37. Rc8+ Kg7 38. Qa8 Qd4 39. Ne3 Ne4 40. Rg8+ Kh6 41. Qf8+ Kg5 42. h4+ Kh5 43. g4+ Kxh4 44. Qh6# 1-0


[Site "https://www.chess.com"]

[Event "Titled Tuesday Blitz May 16 Early 2023"]
[White "Turzo, Attila"]
[Black "KSho99"]
[WhiteFideId "704954"]
[WhiteElo "2474"]
[BlackElo "2143"]
[Result "1-0"]
[Round "02"]
[TimeControl "180+2"]
[Date "2023.05.16"]
[WhiteClock "0:00:07"]
[BlackClock "0:00:00"]

1. d4 d5 2. c4 e6 3. Nf3 a6 4. g3 dxc4 5. a4 Nc6 6. Bg2 Rb8 7. O-O Na5 8. Ne5 f6 9. Nf3 c6 10. Bf4 Bd6 11. Nbd2 Bxf4 12. gxf4 Qd6 13. e3 Qb4 14. Qc2 Ne7 15. Rfb1 b5 16. b3 cxb3 17. Nxb3 Nxb3 18. Rxb3 Qd6 19. Nd2 O-O 20. Ne4 Qd8 21. Nc5 Nd5 22. Be4 f5 23. Bf3 Qh4 24. a5 Rf6 25. Kf1 Qxh2 26. Ke2 Rg6 27. Rh1 Nxf4+ 28. exf4 Qxf4 29. Qd2 Qd6 30. Qe3 f4 31. Qe5 Qxe5+ 32. dxe5 Rg5 33. Rh5 Rxh5 34. Bxh5 g6 35. Bf3 Kf7 36. Bxc6 1-0


[Site "https://www.chess.com"]

[Event "Titled Tuesday Blitz May 16 Early 2023"]
[White "Begunov, Konstantin"]
[Black "Johnson, Ben"]
[WhiteFideId "4118510"]
[BlackFideId "2010917"]
[WhiteElo "2050"]
[BlackElo "2142"]
[Result "1-0"]
[Round "02"]
[TimeControl "180+2"]
[Date "2023.05.16"]
[WhiteClock "0:01:00"]
[BlackClock "0:00:00"]

1. d4 Nf6 2. c4 e6 3. Nf3 d5 4. cxd5 exd5 5. Nc3 c6 6. Bg5 Be7 7. e3 h6 8. Bh4 O-O 9. Qc2 Ne4 10. Nxe4 Bxh4 11. Nc3 Bf6 12. Bd3 Nd7 13. O-O Re8 14. b4 a6 15. a4 Nf8 16. b5 axb5 17. axb5 Bd7 18. bxc6 Bxc6 19. Bb5 Qb6 20. Bxc6 Qxc6 21. Qb3 Rxa1 22. Rxa1 Rc8 23. Nxd5 Bd8 24. Ne5 Qc2 25. Qxc2 Rxc2 26. Rb1 Ne6 27. g3 Ng5 28. Rxb7 Kh7 29. Nxf7 Nf3+ 30. Kg2 Ne1+ 31. Kf1 Ba5 32. Ne5 Ra2 33. Nf6+ 1-0


[Site "https://www.chess.com"]

[Event "Titled Tuesday Blitz May 16 Early 2023"]
[White "Lakshmi C"]
[Black "Tanmay Jain"]
[WhiteFideId "25035347"]
[BlackFideId "45015481"]
[WhiteElo "1942"]
[BlackElo "2032"]
[Result "0-1"]
[Round "02"]
[TimeControl "180+2"]
[Date "2023.05.16"]
[WhiteClock "0:01:38"]
[BlackClock "0:01:40"]

1. g3 d5 2. Bg2 Nf6 3. f4 c5 4. Nf3 Nc6 5. O-O e6 6. e3 d4 7. Qe2 dxe3 8. dxe3 Be7 9. e4 O-O 10. c3 Qc7 11. Kh1 b6 12. e5 Nd7 13. Nbd2 Bb7 14. Ne4 Na5 15. b4 cxb4 16. c4 Ba6 0-1


[Site "https://www.chess.com"]

[Event "Titled Tuesday Blitz May 16 Early 2023"]
[White "Srebrnic, Ana"]
[Black "Martic, Ivan"]
[WhiteFideId "14603314"]
[BlackFideId "929301"]
[WhiteElo "2181"]
[BlackElo "2360"]
[Result "0-1"]
[Round "02"]
[TimeControl "180+2"]
[Date "2023.05.16"]
[WhiteClock "0:00:19"]
[BlackClock "0:01:41"]

1. e4 g6 2. d4 Bg7 3. Nc3 d6 4. Bf4 a6 5. Qd2 b5 6. Nf3 Bb7 7. Bd3 Nd7 8. O-O c5 9. dxc5 Nxc5 10. Rad1 Nf6 11. Rfe1 O-O 12. Bh6 b4 13. Bxg7 Kxg7 14. Nb1 a5 15. c3 Nxd3 16. Qxd3 Qb6 17. Nbd2 bxc3 18. Qxc3 Rfc8 19. Qe3 Qxe3 20. Rxe3 Rc2 21. Rb3 Bxe4 22. Nxe4 Nxe4 23. Rb7 Kf8 24. Nd4 Rxf2 25. Nc6 Rc8 26. Rxe7 Rxc6 27. Rxe4 Rcc2 28. Rxd6 Rxg2+ 29. Kf1 Rxh2 30. Rd8+ Kg7 31. Ra8 Rh1# 0-1


[Site "https://www.chess.com"]

[Event "Titled Tuesday Blitz May 16 Early 2023"]
[White "Womacka, Mathias"]
[Black "Brown, Raehanna"]
[WhiteFideId "4611390"]
[BlackFideId "7402740"]
[WhiteElo "2377"]
[BlackElo "1655"]
[Result "0-1"]
[Round "02"]
[TimeControl "180+2"]
[Date "2023.05.16"]
[WhiteClock "0:00:00"]
[BlackClock "0:00:03"]

1. e4 c5 2. Nf3 Nc6 3. d4 cxd4 4. Nxd4 Nf6 5. Nc3 g6 6. Nxc6 bxc6 7. e5 Nh5 8. Bc4 Ng7 9. Qf3 Ne6 10. O-O Bg7 11. Re1 O-O 12. Qe4 Bb7 13. Be3 d5 14. exd6 exd6 15. Bxe6 d5 16. Qb4 fxe6 17. Qxb7 d4 18. Qxc6 dxe3 19. Qxe6+ Kh8 20. Rxe3 Rb8 21. Rd1 Qa5 22. Ne4 Rxb2 23. Nd6 Qc7 24. h4 Rxc2 25. Rf1 Bd4 26. Rf3 Rxf3 27. gxf3 Bg7 28. Nf7+ Kg8 29. Nh6+ Kf8 30. Qg8+ Ke7 31. Qxg7+ Kd6 32. Qxc7+ Kxc7 33. Ng4 Rxa2 34. Nf6 h6 35. Re1 Ra3 36. Kg2 Kd6 37. Ne4+ Ke5 38. Rc1 Kf4 39. Rc7 a5 40. Rf7+ Ke5 41. Rg7 Kd4 42. Rxg6 a4 43. Ra6 Ra1 44. Kg3 a3 45. Kf4 a2 46. Kf5 Kc4 47. h5 Kb3 48. Nc5+ Kc4 0-1


[Site "https://www.chess.com"]

[Event "Titled Tuesday Blitz May 16 Early 2023"]
[White "UNSTOPPABLE_LEGEND"]
[Black "ritanovikova"]
[WhiteElo "2465"]
[BlackElo "2114"]
[Result "1-0"]
[Round "02"]
[TimeControl "180+2"]
[Date "2023.05.16"]
[WhiteClock "0:00:13"]
[BlackClock "0:00:00"]

1. c4 c5 2. Nf3 Nf6 3. Nc3 d6 4. d4 cxd4 5. Nxd4 Bd7 6. e4 g6 7. f3 Bg7 8. Be3 O-O 9. Be2 Nc6 10. O-O a6 11. Qd2 Re8 12. Rfd1 Qa5 13. b3 Nxd4 14. Bxd4 Nh5 15. Bxg7 Kxg7 16. f4 Qc5+ 17. Kh1 Rad8 18. a3 Qf2 19. Rf1 Qh4 20. Kg1 Bc6 21. b4 e5 22. b5 axb5 23. cxb5 Bd7 24. Nd5 Nxf4 25. Nxf4 exf4 26. Rxf4 Qe7 27. Raf1 Be6 28. Qd4+ Kg8 29. a4 f5 30. exf5 Bxf5 31. Bc4+ Be6 32. Rf7 Bxf7 33. Bxf7+ Qxf7 34. Rxf7 Kxf7 35. Qd5+ Kf6 36. Qxb7 d5 37. Qc6+ Re6 38. Qc7 Rf8 39. a5 Kg5 40. Qg3+ Kh6 41. h4 d4 42. Qg5+ Kg7 43. b6 Rf7 44. Qd5 Re1+ 45. Kh2 Rff1 46. b7 Rh1+ 47. Kg3 Rb1 48. Qe5+ Kh6 49. b8=Q Rb3+ 50. Qxb3 1-0


[Site "https://www.chess.com"]

[Event "Titled Tuesday Blitz May 16 Early 2023"]
[White "Rom, Jasper"]
[Black "Slayyy_200"]
[WhiteFideId "2023733"]
[WhiteElo "2233"]
[BlackElo "2111"]
[Result "1-0"]
[Round "02"]
[TimeControl "180+2"]
[Date "2023.05.16"]
[WhiteClock "0:00:10"]
[BlackClock "0:00:20"]

1. e4 c5 2. Nc3 Nc6 3. f4 g6 4. Nf3 Bg7 5. Bb5 Nd4 6. O-O e6 7. d3 Ne7 8. Nxd4 cxd4 9. Ne2 O-O 10. Qe1 d5 11. Kh1 a6 12. Ba4 Bd7 13. Bb3 Bc6 14. e5 Qb6 15. Qf2 Nf5 16. c3 Bb5 17. Nxd4 Bxd3 18. Nxf5 Qxf2 19. Ne7+ Kh8 20. Rxf2 Rfe8 21. Nxd5 exd5 22. Bxd5 Rad8 23. Bf3 f6 24. Bd2 fxe5 25. fxe5 Rxe5 26. Re1 Rxe1+ 27. Bxe1 b5 28. Rd2 Re8 29. Bf2 Bc4 30. a3 Bh6 31. Bd4+ Kg8 32. Rd1 Bb3 33. Rf1 Bc4 34. Ra1 g5 35. Kg1 Bf8 36. h3 Kf7 37. Kf2 Kg6 38. Rd1 h5 39. Re1 Rd8 40. Be4+ Kh6 41. Be3 Bd6 42. h4 Rf8+ 43. Kg1 Bf4 44. hxg5+ Kxg5 45. Bxf4+ Rxf4 46. Bf3 Kh4 47. Kf2 Kg5 48. Re5+ Rf5 49. Rxf5+ Kxf5 50. Bxh5 Kg5 51. Bf3 a5 52. Ke3 Kh4 53. Kd4 Kg3 54. Kc5 Bf1 55. Bc6 b4 56. cxb4 axb4 57. Kxb4 Kf4 58. a4 Ke5 59. Kc5 Ke6 60. b4 Ke7 61. b5 Kd8 62. Kd6 Bd3 63. g4 Bc2 64. a5 Bg6 65. a6 Kc8 66. a7 1-0


[Site "https://www.chess.com"]

[Event "Titled Tuesday Blitz May 16 Early 2023"]
[White "Suduvasachmatai"]
[Black "Srebrnic, Marko"]
[BlackFideId "14603616"]
[WhiteElo "2106"]
[BlackElo "2341"]
[Result "0-1"]
[Round "02"]
[TimeControl "180+2"]
[Date "2023.05.16"]
[WhiteClock "0:00:10"]
[BlackClock "0:00:55"]

1. e4 c5 2. c3 Nf6 3. e5 Nd5 4. d4 cxd4 5. Nf3 e6 6. cxd4 d6 7. Bd3 Nc6 8. O-O Qc7 9. Be4 Be7 10. Bxd5 exd5 11. Nc3 Be6 12. Bf4 dxe5 13. Nxe5 Nxe5 14. Bxe5 Qd7 15. f4 O-O 16. Qd3 Bf5 17. Qf3 Rad8 18. Qh5 g6 19. Qf3 f6 20. Rad1 fxe5 21. dxe5 d4 22. Ne2 Bc5 23. Kh1 d3 24. Ng3 Qd4 25. Nxf5 Rxf5 26. Qxb7 Rxf4 27. Rxf4 Qxf4 28. Qc7 Bb6 29. Qe7 d2 30. h3 Qf7 31. Qb4 Qd5 32. Qe7 Qd7 33. Qb4 Kg7 34. Qc3 Qd4 35. Qf3 Qxe5 36. Qb7+ Kh6 37. Qf3 Qe3 38. Qf6 Re8 39. Qh4+ Kg7 40. Qg4 Qe1+ 41. Kh2 Bc7+ 42. g3 Re2+ 43. Qxe2 Qxe2+ 0-1


[Site "https://www.chess.com"]